p, neutral male human Wizard ------ -------------- -------------- |...<.# |............| |[[[[[[[[[[)[| |....|# |............| |[[))[[[[[[][| |....|# |............| |............| ------# |........#...| -------|------ # |............| # ## -------|-|---- ### `# ## ## # ### ########)# I`##########################` ## #### ## ########### --|-- --.---.--- #----.-------- # -.--- ....| |..).....| #-............#` |...|# # |...| -........| |...........| |..`-######....| |........| |...........+ -(..| |...- ---------- ------------- ----- |...| |...| ----- p the Evoker Experience level: 2 Strength: 11 Dexterity: 14 Constitution: 15 Intelligence: 18 Wisdom: 9 Charisma: 12 Health: 19(19) Energy: 18(18) Def: 5 Gold: 352 Moves: 1712 Dungeon seed: 0OKuKgM68sWx9neD Game ID: p_1470318286 Your Inventory: Coins $ - 352 gold pieces Weapons a - a blessed +1 quarterstaff (weapon in hands) Armor e - an uncursed +0 cloak of magic resistance (being worn) q - a blessed +0 pair of elven boots (being worn) N - an uncursed +0 studded leather armor (being worn) Scrolls i - 2 uncursed scrolls of identify j - an uncursed scroll of charging v - 2 uncursed scrolls of fire Spellbooks l - an uncursed spellbook of magic missile p - a blessed spellbook of force bolt Potions f - an uncursed potion of see invisible g - an uncursed potion of speed h - an uncursed potion of polymorph m - an uncursed potion of extra healing r - an uncursed potion of water Rings c - an uncursed ring of teleport control (on left hand) d - an uncursed ring of protection from shape changers (on right hand) s - a blessed +1 ring of gain strength Wands b - a wand of fire (0:4) u - a wand of lightning (0:4) Tools k - an uncursed skeleton key Gems n - an uncursed worthless piece of orange glass y - an uncursed worthless piece of yellow glass Spells and supernatural/magical abilities: Name Level Category Fail Memory a - force bolt 1 attack 0% 92% m - magic missile 2 attack 0% 92% W - pray for help -- divine ? -- Your skills at the end: Fighting Skills Weapon Skills quarterstaff [Basic] Spellcasting Skills attack spells [Basic] enchantment spells [Basic] Final Attributes: You had sinned. You were magic-protected. You were stealthy. You had teleport control. You were protected from shape changers. You are dead. Vanquished creatures: 2 hobbits a gnome zombie a gecko 4 jackals 2 sewer rats 6 grid bugs a bat 3 lichens 2 newts 22 creatures vanquished. Voluntary challenges: You used a wielded weapon 19 times, starting on turn 11. You were illiterate. You never genocided any monsters. You never polymorphed an object. You never changed form. You used no wishes. You never split a pudding. You never wrote Elbereth's name. You violated your moral code, losing 10 points of alignment, starting on turn 1152. Dungeon overview: The Dungeons of Doom: levels 1 to 4 Level 1 a fountain a long staircase Level 2 a fountain stairs to The Gnomish Mines Level 3 an armor shop, a sink Level 4 <- You were here an armor shop, a sink The Gnomish Mines: Level 3 stairs to The Dungeons of Doom History has recorded: On T:1 you entered the Dungeons of Doom to retrieve the Amulet of Yendor! On T:302 you reached level 2 of The Dungeons of Doom. On T:442 you reached level 1 of The Gnomish Mines. On T:598 you reached level 3 of The Dungeons of Doom. On T:887 you advanced to experience level 2. On T:944 you reached level 4 of The Dungeons of Doom. Score breakdown: Gold: 352 ( 8666 points) Experience: 2 levels ( 5570 points) Exploration: 4 levels ( 8.33%) ( 7579 points) Discoveries: 1 item ( 0.35%) ( 1767 points) Valuables value: (no points given unless you survive) Artifact value: 0 ( 0 points) Variety of kills: 9 monsters ( 2.36%) ( 4610 points) Turncount: 1712 turns ( 0 points) Survival: died (score multiplied by 80%) Total score: 22553 Latest messages: You faint from lack of food. You come to. You faint from lack of food. You come to. You faint from lack of food. You come to. You faint from lack of food. You come to. You faint from lack of food. You come to. You faint from lack of food. You come to. You faint from lack of food. You come to. You faint from lack of food. You come to. You faint from lack of food. You come to. You faint from lack of food. You come to. You faint from lack of food. You die from starvation. Final status: Goodbye p the Wizard, died of starvation, while fainted from lack of food... You starved in The Dungeons of Doom on dungeon level 4 with 22553 points, and 352 pieces of gold, after 1712 moves. You were level 2 with a maximum of 19 hit points when you starved.